 Dungeon Crawl Stone Soup version 0.29-a0-824-gd827844252 (webtiles) character file.

Game seed: 10141798772881113096

49 LynnLen the Sneak (level 3, -3/16 HPs)
             Began as a Vampire Enchanter on July 10, 2022.
             Slain by a worm (10 damage)
             ... on level 2 of the Dungeon.
             The game lasted 00:05:43 (1473 turns).

LynnLen the Sneak (Vampire Enchanter)               Turns: 1473, Time: 00:05:44

Health: -3/16      AC:  2    Str:  7    XL:     3   Next: 53%
Magic:  6/6        EV: 12    Int: 19    God:
Gold:   40         SH:  0    Dex: 14    Spells: 6/6 levels left

rFire   . . .      SeeInvis +   a - +2 dagger
rCold   + + .      Faith    .   (no shield)
rNeg    + + +      Spirit   .   b - +0 robe
rPois   ∞          Reflect  .   (no helmet)
rElec   .          Harm     .   (no cloak)
rCorr   .          Rampage  .   (no gloves)
Will    .....                   (no boots)
Stlth   +++++.....              d - amulet of regeneration
HPRegen 0.00/turn               (no ring)
MPRegen 0.10/turn               (no ring)

@: bloodless, inhibited regen
A: bloodless, fangs 3, see invisible, vampiric 2, [frail 1]
a: Bat Form, Revivify


You were on level 2 of the Dungeon.
You visited 1 branch of the dungeon, and saw 2 of its levels.

You collected 40 gold pieces.

Inventory:

Hand Weapons
 a - a +2 dagger (weapon)
Armour
 b - a +0 robe (worn)
Jewellery
 d - an amulet of regeneration (around neck)
Scrolls
 i - a scroll of fog {unknown}
 m - a scroll of fear {unknown}
Potions
 c - 2 potions of invisibility
 e - a potion of berserk rage
 f - 2 potions of attraction {unknown}
 g - a potion of curing {unknown}
 h - a potion of magic {unknown}
 j - a potion of mutation {unknown}
 k - a potion of resistance {unknown}
 l - a potion of brilliance {unknown}


   Skills:
 * Level 2.3 Short Blades
 + Level 2.6 Dodging
 + Level 5.6 Stealth
 + Level 2.2 Spellcasting
 - Level 4.4 Hexes


You had 6 spell levels left.
You didn't know any spells.
Your spell library contained the following spells:

 Spells                   Type           Power      Damage    Failure   Level
 Confusing Touch          Hex            18%        N/A       9%          3
 Tukima's Dance           Hex            18%        N/A       9%          3
 Ensorcelled Hibernation  Hex/Ice        20%        N/A       10%         2
 Dazzling Flash           Conj/Hex       20%        N/A       21%         3


Dungeon Overview and Level Annotations

Branches:
Dungeon (2/15)

Altars:

Shops:
D:1 *   D:2 (


Innate Abilities, Weirdness & Mutations

You do not regenerate when monsters are visible.
You are frail without blood (-20% HP).
You can heal yourself when you bite living creatures.
You are immune to poison.
You have razor-sharp teeth.
You have supernaturally acute eyesight. (SInv)
You are afflicted with vampirism and can become a bat while bloodless.
[You are frail. (-10% HP)]


Message History

You see here 6 stones.
Found a stone staircase leading up.
There is a stone staircase leading up here.
Found 7 stones.
Found 7 stones.
You see here 7 stones.
A kobold comes into view. It is wielding a +0 spear.
A kobold is nearby!
A worm comes into view.
The kobold shouts!
The kobold barely misses you.
You closely miss the kobold. You hit the kobold. You bite the kobold.
You kill the kobold!
A bat comes into view.
Things that are here:
a +0 spear; a +0 ring mail The bat hits you but does no damage. x2
The worm bites you!
Ouch! That really hurt!
The bat misses you.
You hit the worm.
The worm is lightly wounded.
The bat hits you but does no damage. The bat barely misses you.
The worm closely misses you.
You hit the worm.
The worm is lightly wounded.
The bat misses you. The bat closely misses you.
You hit the worm. Your bite misses the worm.
The worm is moderately wounded.
The bat hits you but does no damage. The bat barely misses you.
The worm closely misses you.
You hit the worm.
The worm is heavily wounded.
The bat barely misses you.
You hit the worm.
The worm is severely wounded.
The bat closely misses you. The worm bites you!
Ouch! That really hurt!
You die...

......(..####.##.#
#..........(##.#
###.#.########.# #.###
#.# #...# #.# #)#.# #.#
#.#.# #.# #b#.# #.#
#@#.# #.###### .##
#w...### #..<...#
.......#..># ######.#
(.#.## ..########.##
#.>## ##............ .
#.###..########.##
####..#.#...## #.#
.#####....##.#).## #.#
..........####...####.##


You could see a worm and a bat.

Vanquished Creatures
  An adder (D:2)
  A worm (D:2)
  A dart slug (D:2)
  7 bats (D:1)
  2 endoplasms (D:2)
  2 giant cockroaches
  4 hobgoblins
  2 quokkas (D:1)
  4 ball pythons (D:1)
  3 frilled lizards
  3 goblins
  3 kobolds
  2 rats (D:1)
35 creatures vanquished.

Notes
Turn   | Place    | Note
-------+----------+-------------------------------------------
     0 | D:1      | LynnLen the Vampire Enchanter began the quest for the Orb.
     0 | D:1      | Reached XP level 1. HP: 13/13 MP: 3/3
     7 | D:1      | Found Mastruoly's General Store.
   218 | D:1      | Reached XP level 2. HP: 7/19 MP: 5/5
   594 | D:1      | Reached skill level 5 in Stealth
   833 | D:1      | Found a faded altar of an unknown god.
  1028 | D:2      | Gained mutation: You are afflicted with vampirism and can
                  | become a bat while bloodless. [Vampire growth]
  1028 | D:2      | Reached XP level 3. HP: 12/19 MP: 6/6
  1252 | D:2      | Found Baxoell's Weapon Boutique.
  1473 | D:2      | Slain by a worm

Illustrated notes

Levels and vault maps discovered:
D:1:      scummos_arrival_simple_fountains, layout_rooms, serial_shops,
          nicolae_shop_statue_plus, chequers_ecumenical_altar_simple
D:2:      layout_loops_ring, serial_shops, nicolae_shop_bloodbath_and_beyond

Skill      XL: |  1  2  3 |
---------------+----------+-----
Stealth        | 5 |  5.6
Short Blades   | 2 |  2.3
Dodging        | |  2.6
Spellcasting   | |  2.2
Hexes          | |  4.4

Action                   || total
-------------------------++-------
Melee: Dagger            ||    92
       Bite              ||    12
       Punch             ||     1
 Abil: Exsanguinate      ||     2
       Revivify          ||     1
  Use: Scroll            ||     5
 Stab: Sleeping          ||    12
Armor: Robe              ||    36
Dodge: Dodged            ||    66

Table legend: (Time is in decaauts)
 A = Elapsed time spent in this place.
 B = Non-inter-level travel time spent in this place.
 C = Inter-level travel time spent in this place.
 D = Time resting spent in this place.
 E = Time spent auto-exploring this place.
 F = Levels seen in this place.
 G = Mean time per level.
                   A        B        C        D        E       F      G
               +--------+--------+--------+--------+--------+-----+--------+
         Total |   1466 |   1466 |      0 |    309 |    588 |   2 |  733.0 |
       Dungeon |   1466 |   1466 |      0 |    309 |    588 |   2 |  733.0 |
               +--------+--------+--------+--------+--------+-----+--------+

Top non-repeatable levels by time:
     D:1: 991 daAuts
     D:2: 474 daAuts
